[Event "WYCC 2018 O14"]
[Site "Halkidiki"]
[Date "2018.10.21"]
[Round "2"]
[White "Krastev, Alexander"]
[Black "Stremavicius, Pijus"]
[Result "0-1"]
[ECO "B09"]
[WhiteElo "2298"]
[BlackElo "2024"]
[Annotator "NA"]
[PlyCount "64"]
[EventDate "2018.10.20"]
[EventType "swiss"]
[EventCountry "GRE"]
[SourceTitle "playchess.com"]
[Source "ChessBase"]
[SourceQuality "1"]
[TimeControl "40/5400+30:1800+30"]

1. e4 d6 2. d4 Nf6 3. Nc3 g6 4. f4 Bg7 5. Nf3 c5 6. dxc5 Qa5 7. Bd3 Qxc5 8. Qe2 O-O 9. Be3 Qa5 10. O-O Bg4 11. h3 {[%emt 0:01:29] LiveBook: 92 Games} Bxf3 $1 12. Qxf3 Nc6 13. Ne2 Nb4 {[%emt 0:11:30] B09: Pirc Defence: Austrian Attack} 14. Nd4 $146 ({Predecessor:} 14. Bd4 Nd7 15. c3 Nxd3 16. Qxd3 Bxd4+ 17. cxd4 Rac8 18. f5 Qb6 19. b3 d5 20. exd5 Nf6 21. fxg6 hxg6 {½-½ (41) Zdebskaja,N (2410)-Wang,X (2223) Ningbo 2009}) 14... Nd7 15. Rfc1 Nxd3 16. cxd3 Qb4 17. Qf2 Rac8 18. a3 Qa4 19. Rc4 Rxc4 20. b3 {[%emt 0:00:47] [#]} Rc1+ $1 21. Rxc1 Qxa3 22. Rc7 Nc5 23. Rxe7 Nxd3 (23... Bf6 $19 {and Black stays clearly on top.} 24. Rc7 Qa5 25. Rxc5 dxc5) 24. Qf1 Nc5 25. Qc4 Bf6 26. Nc2 Qb2 27. Rc7 b5 28. Qe2 Nxe4 29. Qxb5 Nc3 30. Qd3 Qxb3 31. Kh2 $17 Qb2 32. Qxd6 Nb5 0-1

[Event "WYCC 2018 O14"]
[Site "Halkidiki"]
[Date "2018.10.21"]
[Round "2"]
[White "Ozenir, Ekin Baris"]
[Black "Gavriil, Odysseas-Panagiotis"]
[Result "1-0"]
[ECO "A45"]
[WhiteElo "2293"]
[BlackElo "2009"]
[Annotator "ChessBase"]
[PlyCount "109"]
[EventDate "2018.10.20"]
[EventType "swiss"]
[EventCountry "GRE"]
[SourceTitle "playchess.com"]
[Source "ChessBase"]
[SourceQuality "1"]
[TimeControl "40/5400+30:1800+30"]

1. d4 Nf6 2. Bg5 d5 3. e3 c6 4. Bxf6 exf6 5. Nd2 Bd6 6. g3 Be6 7. Bg2 f5 8. Ne2 Nd7 9. O-O O-O 10. Rc1 Nf6 11. c4 Ne4 12. Nxe4 fxe4 13. cxd5 Bxd5 14. Nc3 Bb4 15. Nxe4 Re8 16. Nc5 Bxc5 17. Rxc5 Bxg2 18. Kxg2 Qd6 19. Qf3 Re6 20. Rfc1 Rf6 21. Qe4 Re6 22. Qf5 g6 23. Qg5 Kg7 24. Qf4 Qxf4 25. gxf4 Rd8 26. b4 a6 27. Re5 Rdd6 28. Kf3 Rxe5 29. fxe5 Rd7 30. Ke4 f6 31. exf6+ Kxf6 32. Rc5 Rd6 33. f4 Ke6 34. Re5+ Kf6 35. a4 h6 36. h4 Kf7 37. a5 Kf6 38. Kd3 Rd8 39. Kc4 Rd7 40. Kc5 Kf7 41. e4 Rd8 42. h5 gxh5 43. Rxh5 Kg6 44. Rh1 Re8 45. f5+ Kg5 46. Rg1+ Kf6 47. Rg6+ Kf7 48. Rxh6 Rxe4 49. Rh7+ Kf6 50. Rxb7 Kxf5 51. Rb6 Re1 52. Rxa6 Rc1+ 53. Kd6 Rc4 54. Rb6 Kf6 55. Rxc6 1-0

[Event "WYCC 2018 O14"]
[Site "Halkidiki"]
[Date "2018.10.21"]
[Round "2"]
[White "Trifan, Andrei Ioan"]
[Black "Boulos, Carlos"]
[Result "0-1"]
[ECO "C63"]
[WhiteElo "2290"]
[BlackElo "2003"]
[Annotator "NA"]
[PlyCount "92"]
[EventDate "2018.10.20"]
[EventType "swiss"]
[EventCountry "GRE"]
[SourceTitle "playchess.com"]
[Source "ChessBase"]
[SourceQuality "1"]
[TimeControl "40/5400+30:1800+30"]

1. e4 e5 2. Nf3 Nc6 3. Bb5 f5 4. d4 fxe4 5. Bxc6 dxc6 6. Nxe5 Nf6 7. O-O {[%emt 0:02:10] C63: Ruy Lopez: Schliemann/Jaenisch Defence} (7. Nc3 Bb4 8. O-O O-O 9. Bg5 Qe8 10. Qe2 Bxc3 11. bxc3 h6 12. Bxf6 gxf6 13. Nc4 Qg6 14. Rae1 Bf5 {1-0 (24) Short,N (2664)-Schebler,G (2451) Pattaya 2015}) 7... Bd6 8. Nc3 O-O 9. Bg5 Bxe5 10. dxe5 Qxd1 11. Raxd1 Ng4 12. Nxe4 Nxe5 13. Rfe1 Bf5 $146 ({Predecessor:} 13... Ng6 14. c3 {1-0 (58) Chegwing,A (2061)-Manrique,F (1987) Bogota 2014}) 14. Ng3 Rae8 15. Nxf5 Rxf5 16. Bd8 Rf7 17. Re3 Kf8 $1 18. Bh4 Nd7 19. Bg3 Rxe3 20. fxe3 Nf6 21. Rd8+ Ke7 22. Rb8 b6 23. Rb7 Kd8 24. Rxa7 Ne4 25. Ra8+ Kd7 26. Bxc7 Rf2 27. Bxb6 Rxc2 28. h4 Rxb2 29. Bd4 Rb1+ 30. Kh2 g6 31. Ra7+ Ke6 32. Rc7 Kd6 33. Rxh7 c5 34. Bh8 c4 35. Rh6 c3 36. Rxg6+ Kd5 37. Bxc3 $1 Nxc3 38. h5 Nxa2 39. h6 Rb8 40. g4 Ke5 41. g5 Kf5 42. Rg7 Kg4 43. Kg2 Nc3 44. h7 $2 (44. Rf7 $15) 44... Rb2+ 45. Kf1 Kg3 46. Ke1 Kg2 0-1

[Event "WYCC 2018 O14"]
[Site "Halkidiki"]
[Date "2018.10.21"]
[Round "2"]
[White "Gines Esteo, Pedro Antonio"]
[Black "Nguyen, Huynh Minh Thien"]
[Result "1-0"]
[ECO "A48"]
[WhiteElo "2288"]
[BlackElo "1996"]
[Annotator "NA"]
[PlyCount "91"]
[EventDate "2018.10.20"]
[EventType "swiss"]
[EventCountry "GRE"]
[SourceTitle "playchess.com"]
[Source "ChessBase"]
[SourceQuality "1"]
[TimeControl "40/5400+30:1800+30"]

1. d4 Nf6 2. Nf3 g6 3. Nbd2 d5 4. e3 Bg7 5. b4 O-O 6. Bb2 c6 7. c4 a5 8. b5 {[%emt 0:00:07] A48: Königsindisch (ohne c2-c4)} a4 (8... cxb5 9. cxb5 Bg4 10. Bd3 Nbd7 11. O-O Qb6 12. h3 {½-½ (12) Vallejo Pons,F (2677)-Wen,Y (2609) Moscow 2016}) 9. Ba3 Bf5 10. bxc6 bxc6 $146 ({Vorgänger:} 10... Nxc6 11. Be2 dxc4 12. Bxc4 Qa5 13. Rc1 Rac8 14. O-O b5 15. Be2 Nd5 {½-½ (60) Westerberg,J (2504)-Martinovic,S (2567) Batumi 2018}) 11. Be2 Re8 12. O-O Nbd7 13. Nh4 Be6 14. f4 dxc4 15. Nxc4 Bxc4 16. Bxc4 {[%emt 0:00:07] [#]} Nb6 $1 17. Qe2 Nxc4 18. Qxc4 Nd5 19. Rae1 e5 20. fxe5 Qxh4 21. e4 Bxe5 22. dxe5 Rxe5 23. Bb2 Rh5 24. h3 Nf4 25. Qc3 f6 26. Rxf4 Qxf4 {[%emt 0:00:32] [#]} 27. Rf1 $1 Qd6 28. Qc4+ Rd5 29. exd5 Qxd5 (29... cxd5 $142 30. Qg4 Qc5+ 31. Bd4 f5 32. Rxf5 Qc8) 30. Qxd5+ cxd5 31. Rxf6 Rc8 32. Kf1 Rb8 33. Rf2 Rb5 34. Ke1 Rb7 35. Kd1 Rc7 36. Rd2 Rc5 37. Rd4 Rb5 38. Kc2 Ra5 39. Bc3 Ra7 40. Rxd5 Kf7 41. g4 Ke6 42. Re5+ Kd6 43. g5 Rf7 44. Re4 Rf2+ 45. Bd2 $18 Rh2 46. Rh4 1-0

[Event "WYCC 2018 O14"]
[Site "Halkidiki"]
[Date "2018.10.21"]
[Round "2"]
[White "Subelj, Jan"]
[Black "Abelakiotis, Stavros"]
[Result "1-0"]
[ECO "B30"]
[WhiteElo "2281"]
[BlackElo "1994"]
[Annotator "NA"]
[PlyCount "69"]
[EventDate "2018.10.20"]
[EventType "swiss"]
[EventCountry "GRE"]
[SourceTitle "playchess.com"]
[Source "ChessBase"]
[SourceQuality "1"]
[TimeControl "40/5400+30:1800+30"]

1. e4 c5 2. Nf3 Nc6 3. c3 Nf6 4. e5 Nd5 5. Bc4 Nb6 6. Bb3 c4 7. Bc2 d6 8. exd6 Qxd6 9. O-O Bg4 {[%emt 0:01:05] B22: Sicilian: 2 c3} (9... g6 10. b3 Bg7 11. Na3 cxb3 12. axb3 O-O 13. Nc4 Nxc4 14. bxc4 Be6 15. Qe2 Qc5 16. Ra4 Na5 17. d4 Qc7 18. Bd3 Rac8 19. Bf4 Qxf4 20. Rxa5 {½-½ (31) Piorun,K (2633)-Wojtaszek,R (2750) Warsaw 2018}) 10. b3 O-O-O 11. h3 Bh5 $1 $146 ({Predecessor:} 11... Bxf3 12. Qxf3 Ne5 13. Qe2 Nd3 14. bxc4 Nxc1 15. Rxc1 Qf4 16. c5 Nc4 17. Rd1 Nb2 18. Re1 Qc4 19. d4 e6 20. Qf3 f6 21. Bb3 {1-0 (21) Gosek,Z (2022)-Hilton,S (1912) Dadaj 2012}) 12. Na3 Ne5 13. Be4 e6 14. Nb5 Qb8 15. Qe2 f5 16. Bc2 Nxf3+ 17. gxf3 Re8 18. bxc4 a6 19. Nd4 g6 20. d3 e5 21. Rb1 Bc5 22. Nb3 Na4 23. Nxc5 Nxc5 24. Re1 Qc7 25. Ba3 Nd7 26. Ba4 Re6 27. d4 e4 28. d5 Ree8 $2 (28... Ne5 $11 29. d6 Rxd6 30. Bxd6 Qxd6) 29. d6 Qd8 30. Qe3 exf3 31. Bxd7+ Qxd7 32. Qa7 Rxe1+ 33. Rxe1 Kd8 34. Qb6+ Kc8 35. Re7 1-0

[Event "WYCC 2018 O14"]
[Site "Halkidiki"]
[Date "2018.10.21"]
[Round "2"]
[White "Boyer, Mahel"]
[Black "Chatzieleftheriou, Andreas"]
[Result "1-0"]
[ECO "E24"]
[WhiteElo "2227"]
[BlackElo "1984"]
[Annotator "NA"]
[PlyCount "85"]
[EventDate "2018.10.20"]
[EventType "swiss"]
[EventCountry "GRE"]
[SourceTitle "playchess.com"]
[Source "ChessBase"]
[SourceQuality "1"]
[TimeControl "40/5400+30:1800+30"]

1. d4 Nf6 2. c4 e6 3. Nc3 Bb4 4. a3 Bxc3+ 5. bxc3 b6 6. f3 d6 7. e4 {[%emt 0:00:02] E24: Nimzoindisch (Sämisch-Variante)} Nbd7 (7... Nc6 8. Bd3 Na5 9. Nh3 Ba6 10. Bg5 Qd7 11. e5 dxe5 12. dxe5 h6 13. Be3 Ng8 14. Be4 O-O-O 15. Qxd7+ Rxd7 16. c5 Ne7 17. Kf2 Rhd8 {½-½ (17) Talla,V (2402)-Macko,M (2158) Banska Stiavnica 2018}) 8. Bd3 e5 9. Ne2 O-O 10. Bg5 Re8 11. Qd2 Nf8 12. O-O h6 13. Be3 c5 $146 ({Vorgänger:} 13... Bb7 14. Ng3 Ng6 {1-0 (29) Scharff,K (1887)-Duester,F (1724) Leverkusen 2011}) 14. Ng3 Be6 15. a4 a5 16. Rae1 Rc8 17. Nf5 Bxf5 18. exf5 N8h7 19. g4 e4 20. fxe4 Nxe4 21. Qc2 Nef6 22. Qg2 Rc7 23. Bd2 Rce7 24. Rxe7 Rxe7 25. h4 Qe8 26. g5 hxg5 27. hxg5 Ne4 28. f6 Nxd2 29. Bxh7+ Kxh7 30. g6+ Kg8 31. fxe7 Nxf1 32. Qh3 fxg6 33. Qe6+ Kh7 34. Kxf1 g5 35. Kg2 g4 36. Kg3 g6 37. Kxg4 Kg7 38. Kg5 Kh7 39. Qxd6 cxd4 40. cxd4 b5 41. cxb5 Qf7 42. Qh2+ Kg8 43. Qe5 1-0

[Event "WYCC 2018 O14"]
[Site "Halkidiki"]
[Date "2018.10.21"]
[Round "2"]
[White "Turcan, Richard"]
[Black "Gaal, Zsoka"]
[Result "1/2-1/2"]
[ECO "B35"]
[WhiteElo "2218"]
[BlackElo "1976"]
[Annotator "NA"]
[PlyCount "97"]
[EventDate "2018.10.20"]
[EventType "swiss"]
[EventCountry "GRE"]
[SourceTitle "playchess.com"]
[Source "ChessBase"]
[SourceQuality "1"]
[TimeControl "40/5400+30:1800+30"]

1. e4 c5 2. Nf3 g6 3. d4 cxd4 4. Nxd4 Nc6 5. Nc3 Bg7 6. Be3 Nf6 7. Bc4 Qa5 8. O-O {[%emt 0:00:50] LiveBook: 895 Games} O-O 9. Bb3 d6 10. h3 Bd7 11. Nde2 b5 {[%emt 0:09:40] B35: Sicilian: Accelerated Dragon with 5 Nc3: main line} (11... Rfc8 12. f4 Be8 13. g4 Nd7 14. a3 Nc5 15. Ba2 Na4 16. b4 Nxc3 17. Nxc3 Qa6 18. b5 Qa5 19. Nd5 Qxb5 20. f5 Qb2 21. c3 Bxc3 22. Rb1 Qxa2 23. Nxc3 Qc4 24. Nd5 Qxe4 {1-0 (24) Belov,V (2589)-Zvjaginsev,V (2674) Ramenskoe 2006}) 12. a3 Rab8 13. Nf4 $146 ({Predecessor:} 13. f4 Qc7 14. Ng3 Na5 15. Bd5 Nc4 16. Bxc4 bxc4 17. Qc1 Bc6 18. e5 dxe5 19. fxe5 Qxe5 {0-1 (36) Stevanec,L-Bui,K Szeged 1994}) 13... Rfc8 14. Qe2 Be8 15. Rad1 b4 16. axb4 Qxb4 17. f3 Qb7 18. Ra1 Nd7 19. Nd3 Nde5 20. Nxe5 Bxe5 21. Qf2 a5 22. f4 Bg7 {[%emt 0:01:15] [#]} 23. f5 $1 Nd8 24. fxg6 hxg6 25. Rxa5 Ra8 26. Bd5 Qxb2 27. Nd1 Rxa5 28. Nxb2 Bxb2 29. Bb6 Ra4 30. Bb3 $2 ({Weaker is} 30. Bxd8 Bd4 $17) (30. Qh4 $18 {and White stays clearly on top.} Kf8 31. Qg4) 30... Rxe4 {[%emt 0:00:31] [#]} 31. Qf3 $1 Re5 32. Bxd8 Bd4+ 33. Kh1 Rf5 34. Qd3 Rxf1+ 35. Qxf1 Rxd8 36. Qd3 Bg7 37. Qxg6 Ra8 38. h4 e6 39. Bxe6 (39. Qe4 $16 Ra1+ 40. Kh2) 39... fxe6 40. Qxe6+ Bf7 41. Qxd6 Re8 42. Kg1 Be5 43. Qd2 Bf6 44. h5 Bxh5 45. Qd6 Be5 46. Qd3 Bf7 47. g3 Bf6 48. Kf2 Kg7 49. Qf5 $15 1/2-1/2

[Event "WYCC 2018 O14"]
[Site "Halkidiki"]
[Date "2018.10.21"]
[Round "2"]
[White "Van Dael, Siem"]
[Black "Egorov, Mikhail"]
[Result "1/2-1/2"]
[ECO "B39"]
[WhiteElo "2202"]
[BlackElo "2006"]
[Annotator "NA"]
[PlyCount "78"]
[EventDate "2018.10.20"]
[EventType "swiss"]
[EventCountry "GRE"]
[SourceTitle "playchess.com"]
[Source "ChessBase"]
[SourceQuality "1"]
[TimeControl "40/5400+30:1800+30"]

1. e4 c5 2. Nf3 Nc6 3. d4 cxd4 4. Nxd4 g6 5. c4 Bg7 6. Be3 Nf6 7. Nc3 Ng4 8. Qxg4 Nxd4 9. Qd1 Ne6 10. Qd2 Qa5 11. Rc1 b6 12. Be2 Bb7 13. f3 f5 14. exf5 {[%emt 0:04:14] B39: Sicilian: Maroczy Bind with 5...Bg7 and 7...Ng4} gxf5 15. O-O (15. f4 O-O-O 16. O-O Rhg8 17. Bf3 Bxf3 18. Rxf3 Bxc3 19. Rxc3 Nc5 20. Qc2 Ne4 21. Ra3 Qb4 {1-0 (33) Dvoirys,S (2520)-Zilberman,Y (2404) Herzliya 2016}) 15... Rg8 16. Rfd1 {[%emt 0:04:19] LiveBook: 4 Games} d6 17. c5 bxc5 $146 ({Predecessor:} 17... Nxc5 18. Bb5+ Nd7 19. Qe2 Be5 20. Qc4 Rg7 21. Qc7 Rd8 22. Qxb7 Bxc3 23. Bxd7+ Rxd7 24. Qc8+ {1-0 (24) Andreev,E-Reinaldo Castineira,R Szeged 1994}) 18. Bc4 (18. Kh1 $16) 18... Bxc3 $1 19. Rxc3 Rg6 $2 (19... Bxf3 $1 $15 {keeps the upper hand.} 20. g3 (20. Bxe6 Rxg2+ 21. Qxg2 Bxg2 $17) 20... Rg6) 20. Bxe6 Rxe6 21. Bxc5 dxc5 22. Qd7+ Kf7 23. Qxb7 Rd8 24. Qb3 c4 25. Qc2 Qb6+ 26. Kf1 Rxd1+ 27. Qxd1 Qxb2 28. Rxc4 Qxa2 29. Ra4 Qb2 30. Ra5 Re5 31. Rxe5 Qxe5 32. Qa4 a5 33. g3 Qc5 34. Kg2 Ke6 35. Qb3+ $17 Kd6 36. Qb8+ Qc7 37. Qb3 Qc5 38. Qb8+ Kd5 39. Qg8+ Kd6 1/2-1/2

[Event "WYCC 2018 O14"]
[Site "Halkidiki"]
[Date "2018.10.21"]
[Round "2"]
[White "Vitenberg, Noam Aviv"]
[Black "Manucharyan, Gagik"]
[Result "1-0"]
[ECO "E46"]
[WhiteElo "2175"]
[BlackElo "1827"]
[Annotator "NA"]
[PlyCount "53"]
[EventDate "2018.10.20"]
[EventType "swiss"]
[EventCountry "GRE"]
[SourceTitle "playchess.com"]
[Source "ChessBase"]
[SourceQuality "1"]
[TimeControl "40/5400+30:1800+30"]

1. d4 Nf6 2. c4 e6 3. Nc3 Bb4 4. e3 O-O 5. Nge2 d5 6. a3 Be7 7. cxd5 exd5 8. g3 c6 9. Bg2 Bf5 10. f3 {[%emt 0:10:46] E46: Nimzo-Indian: Rubinstein: 4 e3 0-0 5 Ne2 without early Bd3} (10. h3 Re8 11. g4 Be4 12. f3 Bg6 13. O-O h6 14. e4 dxe4 15. fxe4 Na6 16. Nf4 Bh7 17. e5 Nd7 {1-0 (48) Javakhishvili,L (2489)-Khotenashvili,B (2493) Batumi 2016}) 10... Qd7 11. h3 Re8 $146 ({Predecessor:} 11... Qe6 12. g4 Bg6 13. Nf4 Qd6 14. Qe2 Re8 15. h4 h6 16. Nxg6 fxg6 17. Bd2 Bf8 {1-0 (54) Doubleday,W (2037)-Pressl,H (1802) Opatija 2013}) 12. e4 dxe4 13. fxe4 Be6 14. Be3 Na6 15. Qd2 Nc7 16. g4 h6 17. O-O-O Bb3 18. Rdg1 Ne6 19. Ng3 c5 20. d5 Nd4 21. Nf5 $11 Bxd5 22. Bxd4 cxd4 23. Nxe7+ Rxe7 24. Nxd5 Nxd5 25. exd5 Qb5 26. Kb1 Re2 27. Bf1 1-0

[Event "WYCC 2018 O14"]
[Site "Halkidiki"]
[Date "2018.10.21"]
[Round "2"]
[White "Lopez Varela, Pablo"]
[Black "Shinn, Jungmin"]
[Result "1/2-1/2"]
[ECO "A01"]
[WhiteElo "2172"]
[BlackElo "1659"]
[Annotator "NA"]
[PlyCount "66"]
[EventDate "2018.10.20"]
[EventType "swiss"]
[EventCountry "GRE"]
[SourceTitle "playchess.com"]
[Source "ChessBase"]
[SourceQuality "1"]
[TimeControl "40/5400+30:1800+30"]

1. b3 Nf6 2. Bb2 d6 3. d3 e5 4. g3 g6 5. Bg2 Bg7 6. Nd2 c5 7. Ngf3 Nc6 8. Ne4 d5 9. Nxf6+ Bxf6 10. e4 dxe4 11. dxe4 Be6 12. O-O O-O 13. Nd2 Qa5 14. c3 Rfd8 15. Qe2 Rac8 16. Rfd1 Rc7 17. Nf1 Rxd1 18. Qxd1 Rd7 $11 19. Qc2 Bg5 20. h4 Bh6 21. Bf3 Qd8 22. Bc1 Bxc1 23. Rxc1 c4 24. b4 f5 25. Ne3 Rd2 26. Rd1 Rxd1+ 27. Qxd1 Qxd1+ 28. Nxd1 f4 29. Kg2 b6 30. Be2 h6 31. Nb2 b5 32. a3 Kf7 33. Kf3 g5 1/2-1/2

[Event "WYCC 2018 O14"]
[Site "Halkidiki"]
[Date "2018.10.21"]
[Round "2"]
[White "Turgut, Aydin"]
[Black "Thenuka, Kuruwita Gamalathge"]
[Result "1-0"]
[ECO "B01"]
[WhiteElo "2156"]
[BlackElo "1710"]
[Annotator "NA"]
[PlyCount "77"]
[EventDate "2018.10.20"]
[EventType "swiss"]
[EventCountry "GRE"]
[SourceTitle "playchess.com"]
[Source "ChessBase"]
[SourceQuality "1"]
[TimeControl "40/5400+30:1800+30"]

1. e4 d5 2. exd5 Qxd5 3. Nc3 Qd6 4. d4 Nf6 5. Nf3 a6 6. g3 Bg4 7. h3 {[%emt 0:00:11] B01: Scandinavian Defence} (7. Bg2 c6 8. O-O e6 9. h3 Bxf3 10. Bxf3 Be7 11. b3 O-O 12. Bb2 Nbd7 13. Ne2 Rad8 14. Re1 Rfe8 {0-1 (64) Hou,Y (2663)-Megaranto,S (2535) Almaty 2016}) 7... Bxf3 8. Qxf3 Nc6 9. Be3 e6 10. O-O-O O-O-O 11. Bg2 Qb4 12. g4 Qa5 13. g5 $146 ({Predecessor:} 13. Kb1 Bb4 14. Ne4 Nxe4 15. Qxe4 {1-0 (44) Wang,J (2180)-Rakhmangulova,A (2098) Moscow 2010}) 13... Nd5 14. Nxd5 Qxd5 15. Qxd5 exd5 16. h4 Kb8 17. Rh3 Be7 18. Rf3 Rhf8 19. Rf5 Nb4 20. a3 g6 21. Re5 Bd6 22. axb4 Bxe5 23. dxe5 c6 24. Bb6 Rde8 25. f4 h6 26. Kd2 hxg5 27. hxg5 Rh8 28. Ke2 Kc8 29. Kf2 Rh4 30. Kg3 Reh8 31. b3 Kd7 $18 32. c4 Ke6 33. cxd5+ cxd5 34. Rxd5 Kf5 35. e6+ Kxe6 36. Re5+ Kd7 37. Bc5 R4h7 38. Re7+ Kd8 39. Rxb7 1-0

[Event "WYCC 2018 O14"]
[Site "Halkidiki"]
[Date "2018.10.21"]
[Round "2"]
[White "Kusa, Jakub"]
[Black "Tadic, Stefan"]
[Result "0-1"]
[ECO "B04"]
[WhiteElo "2011"]
[BlackElo "2295"]
[Annotator "NA"]
[PlyCount "56"]
[EventDate "2018.10.20"]
[EventType "swiss"]
[EventCountry "GRE"]
[SourceTitle "playchess.com"]
[Source "ChessBase"]
[SourceQuality "1"]
[TimeControl "40/5400+30:1800+30"]

1. e4 Nf6 2. e5 Nd5 3. d4 d6 4. Nf3 dxe5 5. dxe5 Bf5 6. Bc4 e6 7. a3 Be7 8. O-O Nb6 9. Qxd8+ Bxd8 10. Bd3 Bxd3 11. cxd3 Nc6 12. Nc3 Be7 13. Be3 O-O-O 14. Rfd1 Rd7 15. Rac1 Rhd8 16. d4 Nc4 17. Rc2 N6xe5 18. Nb5 Nxf3+ $19 19. gxf3 Nxe3 20. fxe3 Kb8 21. Rdc1 a6 22. Nc3 c5 23. Ne2 cxd4 24. Nxd4 Bg5 25. Kf2 Rxd4 26. exd4 Bxc1 27. Rxc1 Rxd4 28. Rg1 g6 0-1

[Event "WYCC 2018 O14"]
[Site "Halkidiki"]
[Date "2018.10.21"]
[Round "2"]
[White "Stolyarsky, Yegor"]
[Black "Ognean, Mihnea-Ionut"]
[Result "0-1"]
[ECO "A46"]
[WhiteElo "2006"]
[BlackElo "2291"]
[Annotator "NA"]
[PlyCount "74"]
[EventDate "2018.10.20"]
[EventType "swiss"]
[EventCountry "GRE"]
[SourceTitle "playchess.com"]
[Source "ChessBase"]
[SourceQuality "1"]
[TimeControl "40/5400+30:1800+30"]

1. d4 Nf6 2. Nf3 e6 3. Bf4 c5 4. e3 d5 5. Nbd2 Nc6 6. c3 Bd6 7. Bg3 O-O 8. Bd3 b6 9. O-O {[%emt 0:04:36] D02: 1 d4 d5 2 Nf3 sidelines, including 2...Nf6 3 g3 and 2...Nf6 3 Bf4} (9. e4 Be7 10. e5 Nh5 11. Nf1 cxd4 12. Nxd4 Nxd4 13. cxd4 g6 14. Ne3 f5 15. exf6 Bxf6 16. Be2 Nxg3 17. hxg3 {½-½ (37) Nakamura,H (2787)-Svidler,P (2760) Moscow 2018}) 9... Bb7 {[%emt 0:02:39] LiveBook: 48 Games} 10. Ne5 Ne7 11. Ng4 Ne4 12. Bxe4 $146 ({Predecessor:} 12. Bxd6 Qxd6 13. f3 Nxd2 14. Qxd2 f6 15. f4 Qd7 16. Qc2 e5 17. Bxh7+ {1-0 (73) Sidhant,M (2259)-Gusain,H (2453) Noida 2016}) 12... dxe4 13. dxc5 Bxg3 14. hxg3 bxc5 15. Qc2 Qd5 16. Rfd1 Rfd8 17. Nb3 Qf5 18. Rxd8+ Rxd8 19. Rd1 Rd3 20. Nc1 Qxg4 (20... Qd5 $17 21. Rf1 h5) 21. Nxd3 exd3 22. Qxd3 Ng6 23. Qd6 Nf8 24. f3 Qa4 {[%emt 0:09:38] [#]} ({Better is} 24... Bxf3 $1 $14 25. gxf3 Qxf3) 25. b3 (25. Rd2 $1 $16) 25... Qxa2 26. Qxc5 Bd5 27. e4 Qe2 28. Ra1 Qb2 29. Rd1 Bxb3 30. Rd8 Qc1+ 31. Kh2 Qh6+ 32. Kg1 g6 33. Kf2 a6 ({Besser ist} 33... e5 $14) 34. f4 ({White should play} 34. Qb4 $16 Ba2 35. c4) 34... Qg7 35. Ke3 f5 36. e5 g5 $14 37. fxg5 Qxg5+ 0-1

[Event "WYCC 2018 O14"]
[Site "Halkidiki"]
[Date "2018.10.21"]
[Round "2"]
[White "Bassini, Emile"]
[Black "Kushagra Mohan"]
[Result "0-1"]
[ECO "C80"]
[WhiteElo "2002"]
[BlackElo "2283"]
[Annotator "NA"]
[PlyCount "70"]
[EventDate "2018.10.20"]
[EventType "swiss"]
[EventCountry "GRE"]
[SourceTitle "playchess.com"]
[Source "ChessBase"]
[SourceQuality "1"]
[TimeControl "40/5400+30:1800+30"]

1. e4 e5 2. Nf3 Nc6 3. Bb5 a6 4. Ba4 Nf6 5. O-O Nxe4 6. d4 b5 7. Bb3 d5 8. dxe5 Be6 9. Nbd2 Nc5 10. c3 g6 11. Bc2 {[%emt 0:00:10] C80: Open Ruy Lopez: Sidelines and 9 Nbd2} Bg7 12. Nd4 Bd7 $146 ({Predecessor:} 12... Qd7 13. f4 Bg4 14. Qe1 Nxd4 15. cxd4 Ne6 16. Nb3 a5 17. h3 Bf5 18. Bxf5 gxf5 {1-0 (38) Almasi,Z (2691)-Marin,M (2551) Reggio Emilia 2008}) 13. f4 O-O 14. N2f3 f6 (14... Ne4 $14) 15. Be3 Qe7 16. Nxc6 Bxc6 17. Bxc5 Qxc5+ 18. Qd4 Qe7 19. Rae1 Bb7 20. b4 ({White should try} 20. exf6 $14 Qxf6 21. f5) 20... c5 (20... fxe5 $11 21. Nxe5 a5) 21. bxc5 Rac8 22. exf6 Qxf6 23. Ne5 Qe7 24. c6 Bxc6 25. Bb3 Qd6 26. Rd1 Rfd8 27. Qa7 $11 Rc7 28. Qxa6 Bxe5 29. fxe5 Qc5+ 30. Kh1 Ra7 31. Rxd5 Bxd5 32. Bxd5+ Rxd5 33. Qe6+ Kh8 34. Qf6+ Rg7 35. e6 Qe7 0-1

[Event "WYCC 2018 O14"]
[Site "Halkidiki"]
[Date "2018.10.21"]
[Round "2"]
[White "Shermuhammadov, Samandar"]
[Black "Avila Pavas, Santiago"]
[Result "0-1"]
[ECO "B40"]
[WhiteElo "1962"]
[BlackElo "2277"]
[Annotator "NA"]
[PlyCount "98"]
[EventDate "2018.10.20"]
[EventType "swiss"]
[EventCountry "GRE"]
[SourceTitle "playchess.com"]
[Source "ChessBase"]
[SourceQuality "1"]
[TimeControl "40/5400+30:1800+30"]

1. e4 c5 2. Nf3 e6 3. d3 d5 4. Nbd2 Nc6 5. g3 Bd6 6. Bg2 Nge7 7. O-O O-O 8. Re1 Bc7 9. Nf1 d4 {[%emt 0:01:37] A08: King's Indian Attack} 10. h3 f6 $146 ({Predecessor:} 10... e5 11. g4 Ng6 12. Ng3 Nf4 13. Bf1 Ba5 14. Bd2 Bxd2 15. Nxd2 Be6 16. Qf3 Qg5 17. Nc4 Bxc4 18. dxc4 {0-1 (50) Theoocharides,C (2105)-Lalic,B (2503) Plovdiv 2003}) 11. N1h2 e5 12. Nh4 Be6 13. f4 (13. Ng4 $142) 13... exf4 14. gxf4 {[%emt 0:02:37] [#]} f5 ({Black should play} 14... Qb8 $1 $17 15. Rf1 {[#]} g5 $1 ) 15. e5 Bd5 16. N2f3 Qe8 17. Qe2 Nd8 18. b4 cxb4 19. Nxd4 Bb6 20. Be3 Bxd4 21. Bxd4 Ne6 22. Be3 Bxg2 23. Nxg2 Nd5 24. a3 a5 25. axb4 axb4 26. Rxa8 Qxa8 27. Qf3 b5 28. Kh2 g6 29. Rg1 Rc8 30. Qf2 Qa2 31. Rc1 Kf7 32. Bd4 b3 33. c4 Qxf2 34. Bxf2 Ndxf4 35. Ne1 bxc4 36. dxc4 Nc5 37. Bxc5 Rxc5 38. Nf3 b2 39. Rd1 Rxc4 40. Rd7+ Ke6 41. Rb7 Nd3 42. Rb6+ Ke7 43. Rb7+ Ke8 44. Rb8+ Kd7 45. Rb3 Rc3 46. Rb6 Rc1 47. e6+ Ke7 48. Rb7+ Kxe6 49. Nd4+ Kf6 $19 0-1

[Event "WYCC 2018 O14"]
[Site "Halkidiki"]
[Date "2018.10.21"]
[Round "2"]
[White "Bolognese, Leonardo"]
[Black "Manafov, Vugar"]
[Result "0-1"]
[ECO "E11"]
[WhiteElo "1947"]
[BlackElo "2245"]
[Annotator "NA"]
[PlyCount "114"]
[EventDate "2018.10.20"]
[EventType "swiss"]
[EventCountry "GRE"]
[SourceTitle "playchess.com"]
[Source "ChessBase"]
[SourceQuality "1"]
[TimeControl "40/5400+30:1800+30"]

1. d4 Nf6 2. c4 e6 3. Nf3 Bb4+ 4. Bd2 a5 5. a3 Bxd2+ 6. Qxd2 d6 7. Nc3 {[%emt 0:00:38] E11: Bogo-Indian} Nc6 8. Rd1 O-O 9. g3 Qe7 10. Bg2 Re8 $146 ({Predecessor:} 10... e5 11. Nd5 Nxd5 12. cxd5 Nxd4 13. Nxd4 exd4 14. Qxd4 {1-0 (29) Maiorov,N (2566)-Tratar,M (2475) Aschach 2015}) 11. O-O e5 12. dxe5 Nxe5 13. Nxe5 dxe5 14. Nd5 Nxd5 15. cxd5 e4 16. d6 cxd6 17. Qxd6 Bf5 18. e3 Qxd6 19. Rxd6 Red8 20. Rfd1 Rxd6 21. Rxd6 Rc8 22. h3 Bg6 23. Rb6 ({Better is} 23. g4 $16) 23... Rc1+ $1 24. Bf1 f5 25. g4 fxg4 26. hxg4 Bf7 27. Kg2 Bd5 28. Rb5 Be6 29. Be2 Re1 30. Rb6 $1 Kf7 31. Rxb7+ Kf6 32. g5+ Kxg5 33. f4+ exf3+ 34. Bxf3 Rxe3 35. Rxg7+ Kf4 36. Bh5 Bf5 37. Rc7 Rb3 38. Rc3 Rxb2+ 39. Kf1 Ra2 40. Bf7 Rd2 41. Ke1 Rd7 42. Bh5 Rd5 43. Bf3 $2 (43. Be2 $17) 43... Rb5 44. Be2 Rb1+ 45. Kf2 Be4 46. Rg3 Rb2 47. Rh3 a4 48. Rh4+ Ke5 49. Rh5+ (49. Ke1 $142) 49... Kd4 50. Rh4 Ra2 51. Rh3 {[%emt 0:00:08] [#]} Bf5 $1 52. Rh4+ Kc3 53. Rxa4 Bd3 54. Ra7 Rxe2+ 55. Kf3 Ra2 56. Ke3 Bg6 $19 57. a4 Kb4 0-1